 Dungeon Crawl Stone Soup version 0.26.1-11-gd32895ea62 (webtiles) character file.

Game seed: 16721299844366577762

12312 Almogavar the Destroyer (level 11, 0/81 HPs)
             Began as a Yellow Draconian Conjurer on May 30, 2021.
             Was a Priest of Nemelex Xobeh.
             Shot with an arrow by a centaur (4 damage)
             ... on level 2 of the Orcish Mines on May 31, 2021.
             The game lasted 01:03:49 (14014 turns).

Almogavar the Destroyer (DrCj)                     Turns: 14014, Time: 01:03:50

Health: 0/81       AC: 11    Str:  9    XL:     11   Next: 60%
Magic:  33/34      EV: 13    Int: 22    God:    Nemelex Xobeh [***...]
Gold:   838        SH:  0    Dex: 10    Spells: 21/31 levels left

rFire    + + .     SeeInvis .   y - staff of fire
rCold    x . .     Faith    .   (no shield)
rNeg     . . .     Spirit   .   (armour unavailable)
rPois    .         Reflect  .   (helmet restricted)
rElec    .         Harm     .   c - +0 cloak
rCorr    +         Rampage  .   M - +2 pair of gloves
Will     .....                  (no boots)
Stlth    ++........             h - amulet of magic regeneration
HPRegen  0.23/turn              m - ring of fire
MPRegen  0.49/turn              I - ring of magical power

@: no status effects
A: spit acid, unfitting armour, cold-blooded, acid resistance, AC +7
a: Breathe Acid, Renounce Religion, Draw Escape, Draw Destruction, Draw
Summoning, Triple Draw


You were on level 2 of the Orcish Mines.
You worshipped Nemelex Xobeh.
Nemelex Xobeh was most pleased with you.
You visited 2 branches of the dungeon, and saw 13 of its levels.
You also visited: Sewer and Volcano.

You collected 876 gold pieces.
You spent 38 gold pieces at shops.

Inventory:

Hand Weapons
 u - a +2 rapier of venom
 O - a +1 demon trident of flaming
 P - a +0 quarterstaff of flaming
Armour
 c - a +0 cloak (worn)
 p - a cursed +0 buckler
 M - a +2 pair of gloves (worn)
Magical Staves
 y - an uncursed staff of fire (weapon)
 K - an uncursed staff of death
Jewellery
 h - an amulet of magic regeneration (around neck)
 l - an uncursed amulet of regeneration
 m - a ring of fire (left hand)
 r - an uncursed ring of see invisible
 s - an uncursed ring of stealth
 A - the ring of the Present {Fire rN++ Will- MP-9 Slay+4}
   (You found it on level 7 of the Dungeon)

   [ring of fire]

   It enhances your fire magic.
   It affects your accuracy and damage with ranged weapons and melee attacks
   (+4).
   It protects you from fire.
   It makes you vulnerable to cold.
   It greatly protects you from negative energy.
   It affects your willpower, your defense against some magical effects.
   It affects your magic capacity (-9).
 D - an uncursed amulet of the acrobat
 E - a +4 ring of protection
 I - a ring of magical power (right hand)
 L - a +4 ring of evasion
Wands
 q - a wand of random effects (30)
 v - a wand of flame (17)
 H - a wand of paralysis (9)
Scrolls
 f - 7 scrolls of remove curse
 i - 3 scrolls of fog
 k - 2 scrolls of magic mapping
 n - 5 scrolls of holy word
 o - a scroll of blinking
 t - 7 scrolls of teleportation
 x - a scroll of amnesia
 C - a scroll of random uselessness {unknown}
 J - 2 scrolls of fear
Potions
 a - a potion of attraction {unknown}
 b - 5 potions of curing
 d - 4 potions of flight
 e - 2 potions of heal wounds
 g - 3 potions of brilliance
 j - a potion of haste
 w - a potion of lignification {unknown}
 z - a potion of berserk rage {unknown}
 B - 2 potions of magic {unknown}
 F - 2 potions of resistance {unknown}
 G - a potion of mutation {unknown}
 N - a potion of might {unknown}


   Skills:
 + Level 2.6 Fighting
 - Level 0.7 Short Blades
 + Level 4.0 Dodging
 + Level 4.6 Stealth
 + Level 10.6 Spellcasting
 + Level 11.7 Conjurations
 + Level 7.2 Translocations


You had 21 spell levels left.
You knew the following spells:

 Your Spells              Type           Power        Failure   Level
a - Magic Dart            Conj           100%         1%          1
b - Searing Ray           Conj           100%         1%          2
c - Iskenderun's Mystic   Conj/Tloc      52%          1%          4
d - Dazzling Flash        Conj/Hex       74%          1%          3

Your spell library contained the following spells:

 Spells                   Type           Power        Failure   Level
 Fulminant Prism          Conj/Hex       18%          4%          4


Dungeon Overview and Level Annotations

Branches:
Dungeon (11/15)            Temple (0/1) D:6            Lair (0/6) D:9
    Orc (2/2) D:10          Sewer (visited)         Volcano (visited)
    Elf: Orc:2

Altars:
Ashenzari
Dithmenos
Fedhas
Gozag
Hepliaklqana
Nemelex Xobeh
Okawaru
Qazlal
Sif Muna
Trog
Uskayaw
Vehumet
Xom
Yredelemnul

Shops:
D:5 ?   D:6 [   D:8 (


Innate Abilities, Weirdness & Mutations

You can spit globs of acid.
Your golden yellow scales are hard. (AC +7)
You cannot fit into any form of body armour.
You are cold-blooded and may be slowed by cold attacks.
You are resistant to acid. (rCorr)


Message History

Casting: Magic Dart (safe; 1% risk of failure)
Confirm with . or Enter, or press ? or * to list all spells.
Aiming: Magic Dart (safe; 1% risk of failure)
Press: ? - help, Shift-Dir - straight line, f/p - centaur
Aim: a centaur, wielding a +0 shortbow and quivering 5 arrows (0% to evade)
The magic dart hits the centaur but does no damage.
The centaur shoots an arrow.
The arrow hits you.
The orc knight roars a battlecry!
The orc knight goes into a battle-frenzy!
The centaur shoots an arrow.
The arrow misses you.
An orc warrior comes into view. It is wielding a -2 halberd.
The cyclops throws a large rock.
The large rock hits you!!
* * * LOW HITPOINT WARNING * * *
The centaur shoots an arrow.
The arrow closely misses you.
You hear a shout!
The orc knight shoots a bolt.
The bolt hits you!
* * * LOW HITPOINT WARNING * * *
The centaur shoots an arrow.
The arrow hits you.
You die...
Your body glows with a rainbow of weird colours and disappears.

C.............#.
..#..............
.................
.o...............
#...........#..##
#.............<..
.......((........
#......@..$......
#......[.........
..c..............
.o.o.)...........
#................
#.o..............
...c(............
#................


You could see 2 orc knights, a cyclops, 2 orc warriors and 2 centaurs.

Vanquished Creatures
  2 two-headed ogres
  Pikel (D:8)
  2 lindwurms (Volcano)
  A deep elf mage (D:10)
  3 toenail golems (Volcano)
  A gargoyle (D:9)
  3 molten gargoyles (Volcano)
  2 efreet (Volcano)
  A troll (D:5)
  Grinder (D:3)
  Sigmund (D:2)
  A wyvern (D:10)
  A fire elemental (Volcano)
  A steam dragon (D:9)
  A water moccasin (D:8)
  Duvessa (D:5)
  4 ice beasts
  4 orc warriors
  A black bear (D:9)
  3 sky beasts
  6 ogres
  A necrophage (D:8)
  3 phantoms
  4 centaurs
  A lemure (D:8)
  3 big kobolds
  7 bullfrogs
  2 scorpions
  Dowan (D:5)
  15 wights
  A howler monkey (D:10)
  A bullfrog zombie (D:6)
  4 hounds
  9 orc priests (D:10)
  A gnoll shaman (D:7)
  2 jellies
  15 orc wizards
  A bullfrog skeleton (D:9)
  3 iguanas
  Natasha (thrice) (D:4)
  9 worker ants
  A hound skeleton (D:9)
  A worker ant zombie (D:9)
  A howler monkey zombie (D:7)
  4 gnolls
  12 adders
  2 white imps
  3 ufetubi
  2 oozes (D:1)
  An adder zombie (D:5)
  An adder skeleton (D:8)
  A worm (D:5)
  A dart slug (D:1)
  8 leopard geckos
  61 orcs
  7 ball pythons
  20 giant cockroaches
  12 goblins
  4 hobgoblins
  23 jackals
  29 kobolds
  5 quokkas
  9 bats
  9 frilled lizards
  A jackal skeleton (D:5)
  A leopard gecko skeleton (D:6)
  2 quokka skeletons
  A quokka zombie (D:5)
  9 rats
358 creatures vanquished.

Vanquished Creatures (others)
  4 fire vortices (Volcano)
4 creatures vanquished.

Grand Total: 362 creatures vanquished

Notes
Turn   | Place    | Note
-------+----------+-------------------------------------------
     0 | D:1      | Almogavar the Draconian Conjurer began the quest for the
                  | Orb.
     0 | D:1      | Reached XP level 1. HP: 14/14 MP: 3/3
   106 | D:1      | Reached XP level 2. HP: 13/20 MP: 1/5
   316 | D:1      | Learned a level 2 spell: Searing Ray
   767 | D:1      | Reached XP level 3. HP: 26/26 MP: 3/6
  1840 | D:2      | Reached skill level 5 in Conjurations
  2062 | D:2      | Noticed Sigmund
  2070 | D:2      | Killed Sigmund
  2071 | D:2      | Reached XP level 4. HP: 34/34 MP: 0/8
  2071 | D:2      | Reached XP level 5. HP: 39/39 MP: 0/9
  2229 | D:2      | Learned a level 4 spell: Iskenderun's Mystic Blast
  2424 | D:2      | Found a sparkling altar of Nemelex Xobeh.
  2432 | D:2      | Became a worshipper of Nemelex Xobeh the Trickster
  2681 | D:2      | Reached skill level 1 in Fighting
  2983 | D:3      | Reached XP level 6. HP: 47/47 MP: 7/10
  3040 | D:3      | Noticed Grinder
  3042 | D:3      | Paralysed by Grinder for 5 turns
  3063 | D:3      | Paralysed by Grinder for 5 turns
  3069 | D:3      | Paralysed by Grinder for 5 turns
  3075 | D:3      | Killed Grinder
  3076 | D:3      | Reached skill level 6 in Conjurations
  3144 | D:3      | Found a glowing drain.
  3151 | Sewer    | Entered a sewer
  3435 | Sewer    | Your scales start taking on a golden yellow colour.
  3435 | Sewer    | Reached XP level 7. HP: 52/52 MP: 6/13
  3435 | Sewer    | Gained mutation: You are resistant to acid. (rCorr) [Yellow
                  | Draconian growth]
  4089 | D:3      | Reached * piety under Nemelex Xobeh
  4547 | D:4      | Noticed Natasha
  4550 | D:4      | Killed Natasha
  4619 | D:4      | Received a gift from Nemelex Xobeh
  4852 | D:4      | Reached skill level 5 in Spellcasting
  4858 | D:4      | Reached skill level 7 in Conjurations
  5060 | D:4      | Reached XP level 8. HP: 59/59 MP: 11/16
  5102 | D:4      | Found a shimmering altar of Xom.
  5109 | D:4      | Found an ancient bone altar of Kikubaaqudgha.
  5109 | D:4      | Found a stormy altar of Qazlal.
  5111 | D:4      | Found an iron altar of Okawaru.
  5111 | D:4      | Found a basalt altar of Yredelemnul.
  5111 | D:4      | Found a stormy altar of Qazlal.
  5271 | D:4      | Noticed Natasha
  5275 | D:4      | Killed Natasha
  5352 | D:4      | Noticed Natasha
  5355 | D:4      | Killed Natasha
  5369 | D:5      | Entered Level 5 of the Dungeon
  5499 | D:5      | Found Oricze's Magic Scroll Shoppe.
  5517 | D:5      | Bought a scroll of magic mapping for 38 gold pieces
  5630 | D:5      | Noticed a troll
  5640 | D:5      | Killed a troll
  5641 | D:5      | Reached skill level 8 in Conjurations
  5641 | D:5      | Reached skill level 1 in Translocations
  5889 | D:5      | Reached ** piety under Nemelex Xobeh
  5894 | D:5      | Noticed Dowan
  5908 | D:5      | Killed Dowan
  6102 | D:5      | Found a radiant altar of Vehumet.
  6131 | D:5      | Noticed Duvessa
  6141 | D:5      | Killed Duvessa
  6178 | D:5      | Found a blossoming altar of Fedhas.
  6202 | D:5      | Found a shadowy altar of Dithmenos.
  6386 | D:6      | Found a staircase to the Ecumenical Temple.
  6391 | D:6      | Reached XP level 9. HP: 67/67 MP: 15/19
  6441 | D:6      | Found a broken altar of Ashenzari.
  6719 | D:6      | Found Des Dao's Antique Armour Shop.
  7257 | D:7      | Found a hazy altar of Hepliaklqana.
  7261 | D:7      | Found a shimmering blue altar of Sif Muna.
  7261 | D:7      | Found an opulent altar of Gozag.
  7261 | D:7      | Found a hide-covered altar of Uskayaw.
  7388 | D:7      | Got a glittering glass ring
  7390 | D:7      | Identified the ring of the Present {Fire rN++ Will- MP-9
                  | Slay+4} (You found it on level 7 of the Dungeon)
  7623 | D:7      | Reached skill level 9 in Conjurations
  8183 | D:8      | Learned a level 3 spell: Dazzling Flash
  8212 | D:8      | Received a gift from Nemelex Xobeh
  8270 | D:8      | Found a bloodstained altar of Trog.
  8404 | D:8      | Noticed Pikel
  8416 | D:8      | Killed Pikel
  8589 | D:8      | Reached *** piety under Nemelex Xobeh
  8647 | D:8      | Found Paakukhi's Weapon Emporium.
  9148 | D:9      | Reached XP level 10. HP: 73/73 MP: 14/22
  9544 | D:9      | Found a staircase to the Lair.
  9742 | D:9      | Reached skill level 10 in Conjurations
  9957 | D:9      | Reached skill level 5 in Translocations
 10384 | D:9      | Received a gift from Nemelex Xobeh
 10783 | D:10     | Entered Level 10 of the Dungeon
 10784 | D:10     | Noticed a gargoyle
 10795 | D:9      | Killed a gargoyle
 11041 | D:10     | Noticed a two-headed ogre
 11050 | D:10     | Killed a two-headed ogre
 11064 | D:10     | Noticed a deep elf mage
 11068 | D:10     | Killed a deep elf mage
 11365 | D:10     | Found a staircase to the Orcish Mines.
 11691 | D:10     | Reached skill level 11 in Conjurations
 11706 | D:10     | Reached XP level 11. HP: 65/79 MP: 8/24
 11964 | D:10     | You fall into a shaft and drop 1 floor!
 11965 | D:11     | Noticed a two-headed ogre
 11978 | D:11     | Killed a two-headed ogre
 12433 | Orc:1    | Entered Level 1 of the Orcish Mines
 12476 | Orc:1    | Reached skill level 10 in Spellcasting
 12488 | Orc:1    | Received a gift from Nemelex Xobeh
 12499 | Orc:1    | Found a dark tunnel.
 12509 | Volcano  | Entered a volcano
 13075 | Volcano  | Noticed a lindwurm
 13075 | Volcano  | Noticed a lindwurm
 13385 | Volcano  | Killed a lindwurm
 13397 | Volcano  | Killed a lindwurm
 13688 | Orc:2    | Entered Level 2 of the Orcish Mines
 13790 | Orc:2    | Noticed an orc knight
 14011 | Orc:2    | Noticed an orc knight
 14014 | Orc:2    | HP: 4/81 [orc knight/bolt (12)]
 14014 | Orc:2    | Shot with an arrow by a centaur

Illustrated notes

Levels and vault maps discovered:
D:1:      amcnicky_arrival_abandoned_market, layout_basic,
          corexii_hall_statues_deadend
D:2:      layout_basic, nicolae_overflow_crystal_walls,
          kennysheep_generic_room_7, uniq_sigmund
D:3:      layout_basic, gup_sewer_entry_bubbles, uniq_grinder
D:4:      layout_cave_pods, serial_forest, infiniplex_forest_straight_2,
          infiniplex_forest_zigzag_1, infiniplex_forest_straight_1,
          infiniplex_forest_lined_ring, infiniplex_forest_straight_3,
          infiniplex_forest_lined_ring, infiniplex_forest_end_2,
          doesnt_xom_only_xom, uniq_natasha
D:5:      cheibrodos_barr_body, layout_rooms, marbit_many_paths,
          kennysheep_mini, overflow_temple_1_default, serial_shops, shop,
          uniq_duvessa
D:6:      layout_loops_ring, old_standard_altar, minmay_temple_entry_junction,
          serial_shops, shop
D:7:      layout_gridville, grunt_temple_overflow_open
D:8:      layout_rooms, general_overflow_altar, serial_shops,
          kennysheep_little_box, uniq_pikel
D:9:      layout_roguey, dpeg_oklobed_lair, serial_curves, eino_curves_01,
          eino_curves_02
D:10:     layout_loops_ring, hiddenorc2_lemuel, kennysheep_nondescript
D:11:     layout_loops_corners, minmay_misc_feat_more_columns,
          hangedman_pestilent_swarm, minmay_misc_feat_tiny, uniq_fannar
Orc:1:    layout_caves, basic_altar, nicolae_volcano_entry_hallway,
          minmay_orc_temple_c
Orc:2:    st_orc_rangers, layout_caves

Skill      XL: |  1  2  3  4  5  6  7  8  9 10 11 |
---------------+----------------------------------+-----
Dodging        | 2 3 4 |  4.0
Stealth        | 2 3 4 |  4.6
Conjurations   | 5 6 7 8 9 11 | 11.7
Spellcasting   | 3 4 5 7 8 9 10 | 10.6
Fighting       | 1 2 |  2.6
Translocations | 2 4 6 7 |  7.2
Short Blades   | |  0.7

Action                   |  1- 3 |  4- 6 |  7- 9 | 10-12 || total
-------------------------+-------+-------+-------+-------++-------
Melee: Dagger            |    26 |     6 |     1 |       ||    33
       Unarmed           |     2 |       |       |       ||     2
       Tailslap          |     3 |       |       |       ||     3
       Staff             |       |       |       |     1 ||     1
 Cast: Magic Dart        |    53 |    38 |   109 |   103 ||   303
       Searing Ray       |     9 |    23 |    80 |   109 ||   221
       Iskenderun's Myst |       |       |     2 |    15 ||    17
       Dazzling Flash    |       |       |       |     1 ||     1
 Abil: Breathe Acid      |       |       |       |     1 ||     1
  Use: Scroll            |     1 |     2 |     7 |     5 ||    15
 Stab: Sleeping          |       |       |     1 |       ||     1
Armor: Skin              |     7 |     1 |    17 |    31 ||    56
Dodge: Dodged            |    20 |     7 |    36 |    55 ||   118
